 Dungeon Crawl Stone Soup version 0.27.1-33-g824d729ab1 (webtiles) character file.

Game seed: 6597568467145325257

2741 KamiKatze the Shield-Bearer (level 9, -7/47 HPs)
             Began as a Vine Stalker Fighter on Nov 28, 2021.
             Was a Follower of Uskayaw.
             Mangled by a two-headed ogre (16 damage)
             ... on level 7 of the Dungeon on Dec 9, 2021.
             The game lasted 00:32:42 (6354 turns).

KamiKatze the Shield-Bearer (Vine Stalker Fighter)  Turns: 6354, Time: 00:32:43

Health: -7/47      AC: 11    Str: 22    XL:     9   Next: 68%
Magic:  0/10       EV:  9    Int:  8    God:    Uskayaw [*.....]
Gold:   209        SH: 11    Dex: 14    Spells: 8/8 levels left

rFire    . . .     SeeInvis .   a - +0 rapier
rCold    . . .     Faith    .   c - +0 kite shield
rNeg     . . .     Spirit   +   b - +0 scale mail
rPois    .         Reflect  .   w - +0 helmet
rElec    .         Harm     .   (no cloak)
rCorr    .         Rampage  .   j - +0 pair of gloves
Will     ++...                  D - +1 pair of boots
Stlth    ..........             (no amulet)
HPRegen  1.15/turn              A - ring of willpower
MPRegen  0.12/turn              (no ring)

@: no status effects
A: fangs 3, regeneration 1, magic shield, antimagic bite, no potion heal 2
a: Renounce Religion, Stomp


You were on level 7 of the Dungeon.
You worshipped Uskayaw.
Uskayaw was noncommittal.
You visited 2 branches of the dungeon, and saw 9 of its levels.
You also visited: Ossuary.

You collected 221 gold pieces.
You spent 12 gold pieces at shops.

Inventory:

Hand Weapons
 a - a +0 rapier (weapon)
 n - a +1 dagger of speed
 Q - a +4 short sword
Missiles
 l - 6 boomerangs
 o - 203 stones
 x - 9 javelins (quivered)
 F - 10 poisoned darts
Armour
 b - a +0 scale mail (worn)
 c - a +0 kite shield (worn)
 j - a +0 pair of gloves (worn)
 r - a +0 chain mail
 w - a +0 helmet (worn)
 C - a +0 tower shield
 D - a +1 pair of boots (worn)
 N - a +0 chain mail
Magical Staves
 k - a staff of poison
 L - a staff of cold
Jewellery
 f - a ring of fire
 m - a ring of fire
 A - a ring of willpower (left hand)
Wands
 d - a wand of polymorph (1)
 y - a wand of flame (33)
 B - a wand of digging (4)
 G - a wand of iceblast (10)
Scrolls
 q - 2 scrolls of amnesia
 s - a scroll of magic mapping
 t - 3 scrolls of fear
 O - a scroll of acquirement {unknown}
 R - a scroll of noise {unknown}
Potions
 e - 4 potions of brilliance
 g - 2 potions of cancellation
 i - 2 potions of magic
 p - a potion of mutation
 v - 3 potions of attraction
 z - 7 potions of curing
 E - 3 potions of lignification
 H - a potion of resistance {unknown}
 K - a potion of might
 M - a potion of flight {unknown}
 P - a potion of haste {unknown}


   Skills:
 + Level 5.2 Fighting
 * Level 6.6 Short Blades
 + Level 4.8 Armour
 + Level 3.4 Dodging
 * Level 7.0 Shields


You had 8 spell levels left.
You didn't know any spells.
Your spell library contained the following spells:

 Spells                   Type           Power      Damage    Failure   Level
 Sandblast                Erth           0%         2d4       97%         1
 Passwall                 Tmut/Erth      0%         N/A       99%         2
 Gell's Gravitas          Tloc           0%         N/A       100%        3
 Swiftness                Air            0%         N/A       100%        3
 Teleport Other           Tloc           0%         N/A       100%        3
 Animate Dead             Necr           0%         N/A       100%        4
 Borgnjor's Vile Clutch   Necr/Erth      0%         N/A       100%        5
 Lee's Rapid Deconstruct  Erth           0%         3d5*      100%        5
 Death Channel            Necr           0%         N/A       100%        6
 Dispersal                Tloc           0%         N/A       100%        6
 Invisibility             Hex            0%         N/A       100%        6


Dungeon Overview and Level Annotations

Branches:
Dungeon (8/15)             Temple (1/1) D:6         Ossuary (visited)
   Lair: D:8-11

Altars:
Ashenzari
Cheibriados
Dithmenos
Elyvilon
Fedhas
Gozag
Hepliaklqana
Kikubaaqudgha
Makhleb
Nemelex Xobeh
Okawaru
Qazlal
Sif Muna
Trog
Uskayaw
Vehumet
Wu Jian
Xom
Yredelemnul
Zin
The Shining One

Shops:
D:1 *   D:2 !

Annotations:
D:3 2 runed translucent doors, exclusion: 2 doors, Vivir's ghost, amateur DDFi


Innate Abilities, Weirdness & Mutations

You have razor-sharp teeth.
Your natural rate of healing is unusually fast.
When hurt, damage is shared between your health and your magic reserves.
Your bite disrupts and absorbs the magic of your enemies.
Potions cannot restore your health.


Message History

There is a stone staircase leading down here.
You climb downwards.
You hear the roar of battle.
There is an entrance to a bailey on this level.
Hurry and find it before the portal closes forever!
The kobold shouts! x2; The orc shouts!
The orc wizard shouts!
The orc shouts!
A kobold brigand comes into view.
It is wielding a +0 dagger and quivering poisoned darts.
There is a stone staircase leading up here.
Unknown command.
You block the orc's attack.
You climb upwards.
There is a stone staircase leading down here.
You hit the orc. Your bite misses the orc.
The orc is heavily wounded.
The orc completely misses you.
You hit the orc.
The orc is almost dead.
The orc misses you.
You hit the orc.
You kill the orc!
The two-headed ogre shouts in stereo!
A necrophage comes into view.
You puncture the two-headed ogre! You bite the two-headed ogre.
You drain its power.
The two-headed ogre is moderately wounded.
You hit the two-headed ogre.
You bite the two-headed ogre, but do no damage.
The two-headed ogre is moderately wounded.
The two-headed ogre hits you with a +0 giant club!
The two-headed ogre hits you with a +0 giant spiked club!!
* * * LOW HITPOINT WARNING * * *
You are too injured to fight recklessly!
You are too injured to fight recklessly!
You are too injured to fight recklessly!
You puncture the two-headed ogre! You bite the two-headed ogre.
You drain its power.
You feel invigorated.
The two-headed ogre is moderately wounded.
The two-headed ogre hits you with a +0 giant club!
* * * LOW HITPOINT WARNING * * *
The two-headed ogre hits you with a +0 giant spiked club!!
You die...

#.......#..##.....#
#......#..#..#...#
#......#..#..#.>.#
#..............#####
#.....##...........#
#....n####.####.....
#....## #...#.....##
##..O#####.#.......#
##...@...#.....##.###
##...............###
#..#..............#
#....<..[.........#
#..##............##
#..###............#
#.###.............##
#.####..........[..#
#..###...........###


You could see a two-headed ogre and a necrophage.

Vanquished Creatures
  Pikel (D:5)
  Sigmund (D:3)
  A steam dragon (D:7)
  Menkaure (Ossuary)
  Duvessa (D:6)
  2 water moccasins
  2 black bears (D:5)
  3 ogres
  A centaur (D:3)
  A phantom (D:5)
  A bullfrog (D:6)
  A scorpion (D:4)
  Dowan (D:6)
  2 howler monkeys (D:6)
  A bullfrog zombie (D:6)
  3 orc priests (D:6)
  4 hounds
  A jelly (D:5)
  A centaur skeleton (D:7)
  Ijyb (D:3)
  3 iguanas
  2 orc wizards (D:6)
  A hound skeleton (D:4)
  A howler monkey zombie (D:5)
  3 mummies (Ossuary)
  Robin (D:3)
  A howler monkey skeleton (D:6)
  6 adders
  2 shadow imps (D:6)
  3 white imps
  An ufetubus (D:7)
  An adder skeleton (D:4)
  A worm (D:3)
  3 dart slugs
  6 orcs
  11 bats
  8 endoplasms
  2 giant cockroaches
  12 goblins
  16 hobgoblins
  8 jackals
  3 kobolds
  5 quokkas
  5 ball pythons
  A frilled lizard (D:3)
  4 gnoll skeletons (Ossuary)
  3 gnoll zombies (Ossuary)
  8 goblin skeletons (Ossuary)
  4 goblin zombies (Ossuary)
  3 hobgoblin skeletons (Ossuary)
  5 hobgoblin zombies (Ossuary)
  7 kobold skeletons (Ossuary)
  4 kobold zombies (Ossuary)
  An orc skeleton (Ossuary)
  6 orc zombies (Ossuary)
  4 rats
  2 rat skeletons (Ossuary)
  3 rat zombies (Ossuary)
190 creatures vanquished.

Notes
Turn   | Place    | Note
-------+----------+-------------------------------------------
     0 | D:1      | KamiKatze the Vine Stalker Fighter began the quest for the
                  | Orb.
     0 | D:1      | Reached XP level 1. HP: 11/11 MP: 2/2
   195 | D:1      | Reached XP level 2. HP: 13/16 MP: 3/3
   473 | D:1      | Found Alixug's General Store.
   478 | D:1      | Bought a potion of degeneration for 12 gold pieces
   533 | D:1      | Reached skill level 3 in Shields
   707 | D:1      | Reached XP level 3. HP: 19/19 MP: 4/4
  1081 | D:2      | Gained mutation: Your natural rate of healing is unusually
                  | fast. [Vine Stalker growth]
  1081 | D:2      | Reached XP level 4. HP: 14/24 MP: 3/5
  1198 | D:2      | Found Kauts's Distillery.
  1491 | D:2      | Reached skill level 1 in Dodging
  1660 | D:3      | Noticed Robin
  1755 | D:3      | Killed Robin
  1860 | D:3      | Noticed a centaur
  1880 | D:3      | Killed a centaur
  1881 | D:3      | Reached XP level 5. HP: 21/28 MP: 6/6
  1942 | D:3      | Noticed Sigmund
  1953 | D:3      | Killed Sigmund
  1954 | D:3      | Reached skill level 4 in Shields
  1954 | D:3      | Reached XP level 6. HP: 30/32 MP: 7/7
  2017 | D:3      | Noticed Ijyb
  2049 | D:3      | Killed Ijyb
  2091 | D:3      | Found a runed translucent door.
  2093 | D:3      | Noticed Vivir's ghost (amateur DDFi)
  2136 | D:3      | Found a runed translucent door.
  2487 | D:4      | Reached XP level 7. HP: 36/36 MP: 6/8
  3248 | D:5      | Entered Level 5 of the Dungeon
  3534 | D:5      | Reached skill level 5 in Shields
  3546 | D:5      | Gained mutation: You have razor-sharp teeth. [Vine Stalker
                  | growth]
  3546 | D:5      | Reached XP level 8. HP: 37/42 MP: 7/9
  3622 | D:5      | Found Opnog's Self-Improvement Boutique.
  4059 | D:6      | Noticed Pikel
  4090 | D:5      | Killed Pikel
  4091 | D:5      | Reached skill level 5 in Short Blades
  4113 | D:6      | Reached skill level 6 in Shields
  4170 | D:6      | Found a sand-covered staircase.
  4191 | Ossuary  | Entered an ossuary
  4426 | Ossuary  | Reached XP level 9. HP: 46/46 MP: 10/10
  4807 | Ossuary  | Noticed Menkaure
  4904 | Ossuary  | Killed Menkaure
  5075 | D:6      | Found a staircase to the Ecumenical Temple.
  5085 | Temple   | Entered the Ecumenical Temple
  5207 | Temple   | Became a worshipper of Uskayaw the Reveller
  5294 | D:6      | Reached * piety under Uskayaw
  5350 | D:6      | Noticed Duvessa
  5350 | D:6      | Noticed Dowan
  5360 | D:6      | Reached ** piety under Uskayaw
  5362 | D:6      | Killed Dowan
  5390 | D:6      | Killed Duvessa
  5391 | D:6      | Reached skill level 5 in Fighting
  5395 | D:6      | Reached *** piety under Uskayaw
  5948 | D:7      | Reached skill level 7 in Shields
  6007 | D:7      | Noticed a two-headed ogre
  6354 | D:7      | Mangled by a two-headed ogre

Illustrated notes

Levels and vault maps discovered:
D:1:      heliophobic_arrival_ceremonial_halls, layout_basic, serial_shops,
          nicolae_shop_waterfront, minmay_misc_feat_doors, chequers_avenue,
          grunt_decor_mini_mirrors
D:2:      layout_loops_ring, serial_glass, glass_columns_a, glass_columns_a,
          serial_shops, nicolae_shop_trees
D:3:      layout_rooms, ebering_ghost_sewer_f, minmay_circle_x, uniq_sigmund,
          uniq_robin, uniq_ijyb
D:4:      layout_cave_pods, nicolae_zen_rock_garden
D:5:      wander_river, layout_basic, nicolae_shop_self_help
D:6:      layout_rooms, minmay_temple_entry_statues_fountains, enter_ossuary_1,
          uniq_duvessa, uniq_pikel
D:7:      minmay_the_grid_octo_tiled_octocenter [minmay_the_grid_octo_77,
          minmay_the_grid_octo_odd_swirl, minmay_the_grid_octo_empty,
          minmay_the_grid_octo_teeth,
          minmay_the_grid_octo_prize_square_snowflake,
          minmay_the_grid_square_5x5_two_small,
          minmay_the_grid_square_5x5_minibox,
          minmay_the_grid_square_5x5_trominoes,
          minmay_the_grid_square_5x5_spiral], layout_cave_pools,
          kennysheep_pointless_box
D:8:      layout_gridville, enter_bailey_7
Temple:   kilobyte_greek_temple

Skill      XL: |  1  2  3  4  5  6  7  8  9 |
---------------+----------------------------+-----
Short Blades   | 2 3 4 5 6 |  6.6
Shields        | 3 4 5 6 7 |  7.0
Fighting       | 3 4 5 |  5.2
Dodging        | 1 2 3 |  3.4
Armour         | 3 4 |  4.8

Action                   |  1- 3 |  4- 6 |  7- 9 || total
-------------------------+-------+-------+-------++-------
Melee: Rapier            |   110 |   155 |   360 ||   625
       Bite              |    31 |    40 |   139 ||   210
       Unarmed           |       |     4 |       ||     4
Throw: Boomerang         |     3 |       |     2 ||     5
       Javelin           |       |       |     4 ||     4
Evoke: Wand              |       |       |     4 ||     4
  Use: Potion            |       |     1 |       ||     1
       Scroll            |       |     1 |    16 ||    17
 Stab: Paralysed         |       |       |     1 ||     1
Armor: Scale mail        |    12 |     7 |   121 ||   140
       Ring mail         |    46 |    44 |       ||    90
       Skin              |       |    10 |       ||    10
Dodge: Dodged            |    39 |    42 |   102 ||   183
Block: Kite shield       |    78 |    98 |   171 ||   347
